AoeStats
← Ebu4ka_horoshay

Arabia

509467527Analyzed
1v1 RM · 4d ago on Sep 26, 2026· 59m 33s· 2 players
Game mode
Random Map
Map size
Tiny (2 player)
Population
200
Speed
Normal
Resources
Standard
Victory
Conquest
Starting age
Dark Age
Ending age
Imperial Age
RankedLock teamsTeams togetherTeam positionsShared explorationLock speedFull tech treeHidden civsTurbo modeCheats
Victory
Defeat
🇷🇺 Italians · Russia
409
+13
🇺🇸 Sicilians · United States
335
-13
ewangg47
16:23 Feudal Age
16:53 Loom
23:22 Double-Bit Axe
26:32 Wheelbarrow
25:58 Horse Collar
31:57 Forging
31:56 Scale Mail Armor
38:13 Castle Age
36:41 Arson
51:17 Bow Saw
54:42 Imperial Age
58:15 Pikeman
Ebu4ka_horoshay
14:40 Feudal Age
14:48 Man-at-Arms
15:36 Arson
31:20 Castle Age
29:25 Horse Collar
31:56 Long Swordsman
31:58 Pikeman
33:11 Squires
37:18 Double-Bit Axe
38:20 Gold Mining
38:22 Stone Mining
41:41 Heavy Plow
47:48 Imperial Age
46:40 Fletching
58:38 Scale Mail Armor
Connection lost

Rejoining the realm…

Still unreachable

The connection could not be restored.

Session expired

The server has moved on; the page needs a fresh start.